 Dungeon Crawl Stone Soup version 0.31-a0-1570-g93c622d222 (webtiles) character file.

Game seed: 13557601871639785519

952 MisterFreud the Ruffian (level 7, -2/59 HPs)
             Began as a Red Draconian Shapeshifter on Jan 3, 2024.
             Was a High Priest of Ru.
             Slain by a water moccasin (5 damage)
             ... on level 5 of the Dungeon.
             The game lasted 00:06:48 (4971 turns).

MisterFreud the Ruffian (DrSh)                      Turns: 4971, Time: 00:06:49

Health: -2/59      AC:  6    Str: 17    XL:     7   Next: 90%
Magic:  0/6        EV: 12    Int: 10    God:    Ru [*****.]
Gold:   104        SH:  0    Dex: 17    Spells: 6/6 levels left

rFire   + .          .
                       - Unarmed
rCold   . . .        (shield unavailable)
rNeg    . . .        (body armour unavailable)
rPois   .            (helmet currently unavailable)
rElec   .            (cloak currently unavailable)
rCorr   .            (gloves currently unavailable)
SInv    .            (boots currently unavailable)
Will    .....        d - amulet of Attitude {Spirit Dex+5}
Stlth   ++           (ring unavailable)
HPRegen 0.29/turn    (no ring)
MPRegen 0.10/turn

%: guardian spirit
@: lethally poisoned (-2 -> -9), beast-form
A: beast (slay +3), breathe fire, AC +6, unfitting armour, fire resistance 1,
low MP 1, cold-blooded, missing a hand, unskilled 1
a: Breathe Fire, Begin Untransformation, Renounce Religion, Draw Out Power,
Power Leap, Apocalypse


You were on level 5 of the Dungeon.
You worshipped Ru.
Ru was extremely pleased with you.
You were a hulking beast.
You visited 1 branch of the dungeon, and saw 5 of its levels.
You also visited: Sewer.

You collected 188 gold pieces.
You spent 84 gold pieces at shops.

Inventory:

Missiles
 f - 34 poisoned darts
 m - 8 boomerangs
Armour
 p - a +2 cloak of stealth
Jewellery
 d - the amulet of Attitude (around neck) {Spirit Dex+5}
   (You acquired it on level 3 of the Dungeon)

   [amulet of guardian spirit]

   Spirit:    It causes incoming damage to be divided between your reserves of
   health and magic.
   Dex+5:     It affects your dexterity (+5).
 g - a ring of fire
Talismans
 b - a beast talisman
 c - a flux talisman
 n - a maw talisman
 w - a flux talisman
Scrolls
 k - 2 scrolls of teleportation
 s - a scroll of enchant weapon
 v - 3 scrolls of enchant armour
Potions
 h - 2 potions of attraction
 i - 6 potions of curing
 j - 3 potions of brilliance
 l - a potion of enlightenment
 o - 2 potions of invisibility
 q - 2 potions of haste
 r - a potion of might
 u - a potion of magic {unknown}


   Skills:
 - Level 4.0 Fighting
 - Level 1.5 Dodging
 - Level 6.0 Unarmed Combat
 + Level 5.4 Shapeshifting


You had 6 spell levels left.
You didn't know any spells.
Your spell library contained the following spells:

 Spells                   Type           Power      Damage    Failure   Level
 Cause Fear               Hex            0%         N/A       98%         4
 Fireball                 Conj/Fire      0%         3d3       100%        5
 Dragon's Call            Summ           0%         N/A       100%        9


Dungeon Overview and Level Annotations

Branches:
Dungeon (5/15)             Temple (0/1) D:4           Sewer (visited)

Altars:
Dithmenos
Ru

Shops:
D:3 !


Innate Abilities, Weirdness & Mutations

You are a hulking beast.
Your limbs bulge with bestial killing power. (Slay +3)
You can breathe blasts of fire.
Your fiery red scales are hard. (AC +6)
You cannot fit into any form of body armour.
Your flesh is heat resistant. (rF+)
Your magical capacity is low. (-10% MP)
You are cold-blooded and may be slowed by cold attacks.
You are missing a hand.
You are somewhat unskilled. (-1 Apt)


Message History

The black bear is moderately wounded.
You feel sick. The water moccasin bites you.
* * * LOW HITPOINT WARNING * * *
You are more poisoned.
The water moccasin poisons you!
You redirect the black bear's attack!
The black bear closely misses the water moccasin.
The black bear misses the water moccasin.
The black bear claws the water moccasin.
Okay, then.
Unknown command.
Unknown command.
Your transformation has ended.
You turn into a tree.
Your roots penetrate the ground.
You feel very sick. The water moccasin bites you.
* * * LOW HITPOINT WARNING * * *
You focus your inner power and blind the water moccasin in retribution!
The water moccasin bites you but does no damage.
The black bear growls angrily.
The black bear bites you.
* * * LOW HITPOINT WARNING * * *
The black bear claws you but does no damage.
The black bear claws you.
* * * LOW HITPOINT WARNING * * *
You smack the black bear!
The black bear is severely wounded.
* * * LOW HITPOINT WARNING * * *
You feel sick.
The water moccasin bites you but does no damage.
Unknown command.
It was a potion of cancellation.
Your magical effects are unravelling.
You feel magically purged.
You feel less wooden.
You turn into a hulking beast.
* * * LOW HITPOINT WARNING * * *
You feel very sick. The water moccasin bites you.
You die...

. ###### .
#.....# .#
#.....# ###.#
#.....##....###
#.....#........
#
#.....#h.......
#
#.....#Sh......
.
#......).......
.
#.....#........
.
#.....#........
.
#.....#########
... ###..## ..
##...## .
#..###
##########.#


You could see a water moccasin (blind, unable to see you) and a black bear
(blind, unable to see you).

Vanquished Creatures
  Menkaure (D:4)
  2 kobold brigands (Sewer)
  A phantom (D:5)
  A howler monkey (D:4)
  A bombardier beetle (D:5)
  An orc priest (D:5)
  2 jellies
  An iguana (D:4)
  Natasha (thrice) (D:2)
  An orc wizard (D:3)
  Robin (D:2)
  11 adders
  2 gnolls (D:4)
  5 river rats (Sewer)
  A white imp (D:5)
  4 dart slugs
  A ribbon worm (D:3)
  13 orcs
  6 bats
  4 endoplasms
  2 giant cockroaches (D:3)
  20 goblins
  15 hobgoblins
  2 quokkas
  9 ball pythons
  4 frilled lizards
  21 kobolds
  25 rats
160 creatures vanquished.

Vanquished Creatures (others)
  A gnoll (D:4)
  A kobold (Sewer)
2 creatures vanquished.

Grand Total: 162 creatures vanquished

Notes
Turn   | Place    | Note
-------+----------+-------------------------------------------
     0 | D:1      | MisterFreud the Draconian Shapeshifter began the quest for
                  | the Orb.
     0 | D:1      | Reached XP level 1. HP: 16/16 MP: 1/1
   191 | D:1      | Reached XP level 2. HP: 22/23 MP: 2/2
   424 | D:1      | Found a faded altar of an unknown god.
   509 | D:1      | Prayed at the altar of an unknown god.
   509 | D:1      | Became a worshipper of Ru the Awakened
   520 | D:1      | Gained mutation: You are somewhat unskilled. (-1 Apt) [Ru
                  | sacrifice]
   520 | D:1      | Reached * piety under Ru
   610 | D:2      | Noticed Natasha
   626 | D:2      | Killed Natasha
   627 | D:2      | Reached XP level 3. HP: 9/29 MP: 3/3
   635 | D:2      | Noticed Natasha
   647 | D:2      | Killed Natasha
   648 | D:2      | Reached XP level 4. HP: 11/36 MP: 4/4
   659 | D:2      | Noticed Natasha
   675 | D:2      | Killed Natasha
   847 | D:2      | Reached skill level 4 in Unarmed Combat
  1054 | D:2      | Noticed Robin
  1076 | D:2      | Killed Robin
  1077 | D:2      | Reached XP level 5. HP: 19/42 MP: 5/5
  1404 | D:2      | Identified 2 scrolls of acquirement
  1404 | D:2      | Acquired a +2 cloak of stealth
  1641 | D:3      | Found Xush's Distillery.
  1649 | D:3      | Bought a potion of might for 48 gold pieces
  1649 | D:3      | Bought a potion of curing for 36 gold pieces
  1688 | D:3      | Acquired the amulet of Attitude {Spirit Dex+5}
  1814 | D:3      | Found a glowing drain.
  1895 | Sewer    | Entered a sewer
  2018 | Sewer    | Reached XP level 6. HP: 51/51 MP: 6/6
  2267 | Sewer    | Gained mutation: You are missing a hand. [Ru sacrifice]
  2267 | Sewer    | Reached ** piety under Ru
  2267 | Sewer    | Reached *** piety under Ru
  2267 | Sewer    | Reached **** piety under Ru
  2298 | Sewer    | Reached skill level 5 in Unarmed Combat
  2890 | D:3      | Identified the +2 leather armour of Indomitability {Str+2}
  3333 | D:3      | Found a shadowy altar of Dithmenos.
  3585 | D:4      | Your scales start taking on a fiery red colour.
  3585 | D:4      | Reached XP level 7. HP: 52/57 MP: 7/7
  3585 | D:4      | Gained mutation: Your flesh is heat resistant. (rF+) [Red
                  | Draconian growth]
  3918 | D:4      | Found a staircase to the Ecumenical Temple.
  3955 | D:4      | Noticed Menkaure
  3962 | D:4      | Killed Menkaure
  3976 | D:4      | Found a sacrificial altar of Ru.
  3998 | D:4      | Reached skill level 6 in Unarmed Combat
  4599 | D:5      | Entered Level 5 of the Dungeon
  4715 | D:5      | Gained mutation: Your magical capacity is low. (-10% MP)
                  | [Ru sacrifice]
  4715 | D:5      | Reached ***** piety under Ru
  4802 | D:5      | Reached skill level 5 in Shapeshifting
  4971 | D:5      | Slain by a water moccasin

Illustrated notes

Levels and vault maps discovered:
D:1:      ncdulo_halloftheorcs, layout_rooms,
          shapermc_ecumenical_altar_mp_urbaneastern
D:2:      layout_rooms, minmay_pentomino_w2, uniq_natasha, uniq_robin
D:3:      layout_basic, mainiacjoe_overflow_24_doors, serial_shops, shop,
          gup_sewer_entry_glass
D:4:      corexii_shantytown, layout_loops_corners,
          mainiacjoe_overflow_boulevard, minmay_temple_entry_large_hall,
          hangedman_decor_diamond_cutter, uniq_menkaure
D:5:      layout_basic

Skill      XL: |  1  2  3  4  5  6  7 |
---------------+----------------------+-----
Shapeshifting  | 3 4 5 |  5.4
Fighting       | 2 3 4 |  4.0
Unarmed Combat | 4 5 6 |  6.0
Dodging        | |  1.5

Action                     |  1- 3 |  4- 6 |  7- 9 || total
---------------------------+-------+-------+-------++-------
  Melee: Unarmed           |    64 |   261 |   116 ||   441
         Tailslap          |     9 |    34 |    14 ||    57
         Punch             |     2 |     5 |       ||     7
 Invoke: Sacrifice Skill   |     1 |       |       ||     1
         Sacrifice a Hand  |       |     1 |       ||     1
         Sacrifice Essence |       |       |     1 ||     1
    Use: Scroll            |       |    13 |     3 ||    16
         Potion            |       |       |     2 ||     2
   Stab: Sleeping          |       |     1 |     1 ||     2
         Distracted        |       |     1 |       ||     1
 Armour: Skin              |    35 |   165 |    64 ||   264
  Dodge: Dodged            |    48 |   148 |    52 ||   248

Table legend: (Time is in decaauts)
 A = Elapsed time spent in this place.
 B = Non-inter-level travel time spent in this place.
 C = Inter-level travel time spent in this place.
 D = Time resting spent in this place.
 E = Time spent auto-exploring this place.
 F = Levels seen in this place.
 G = Mean time per level.
                   A        B        C        D        E       F      G
               +--------+--------+--------+--------+--------+-----+--------+
         Total |   4959 |   4820 |    139 |    302 |   3590 |   6 |  826.5 |
       Dungeon |   3977 |   3838 |    139 |    174 |   2981 |   5 |  795.4 |
         Sewer |    981 |    981 |      0 |    128 |    609 |   1 |  981.0 |
               +--------+--------+--------+--------+--------+-----+--------+

Top non-repeatable levels by time:
     D:4: 1147 daAuts
     D:3: 1029 daAuts
   Sewer: 981 daAuts
     D:2: 894 daAuts
     D:1: 537 daAuts
     D:5: 367 daAuts
